 Dungeon Crawl Stone Soup version 0.29.1-14-g9c671dbff4 (webtiles) character file.

Game seed: 5927242301671846337

14346 leafyfresh the Transmogrifier (level 12, -30/115 HPs)
             Began as an Octopode Ice Elementalist on Feb 21, 2023.
             Was a Priest of Ashenzari.
             Annihilated by an orc knight
             ... wielding a +0 great mace
              (33 damage)
             ... on level 10 of the Dungeon.
             The game lasted 00:44:38 (15773 turns).

leafyfresh the Transmogrifier (OpIE)               Turns: 15773, Time: 00:44:38

Health: -30/115    AC: 32    Str:  7    XL:     12   Next: 15%
Magic:  22/32      EV: 23    Int: 29    God:    Ashenzari [***...]
Gold:   658        SH:  0    Dex: 18    Spells: 5/26 levels left

rFire   . . .      SeeInvis +     - Unarmed
rCold   + . .      Faith    .   (no shield)
rNeg    + . .      Spirit   .   g - +1 hat
rPois   ∞          Reflect  .   R - amulet of Ashenzari's Gloom {Acrobat, Range, Self} (curse)
rElec   +          Harm     .   i - ring of Desmomancy {SInv, Alch, Self} (curse)
rCorr   .          Rampage  .   s - ring of Ashenzari's Suspicion {Int+6, Elem, Alch} (curse)
Will    .....      Clarity  +   t - ring of the Pangnostic Doubts {rC+, Cun, Elem} (curse)
Stlth   +++++.....              C - ring of the Profound Loss {AC+4, Melee, Comp} (curse)
HPRegen 0.29/turn               G - ring "All-seeing Mistrust" {MP+9, Melee, Comp} (curse)
MPRegen 0.23/turn               K - ring of poison resistance
                                P - +4 ring of evasion
                                O - +6 ring of dexterity

@: statue-form, freezing walls, very slow
A: slow and powerful, torment resistance 1, boosted hp, almost no armour,
amphibious, 8 rings, camouflage 1, (gelatinous body 1), (nimble swimmer 1),
tentacles
a: End Transformation, Renounce Religion, Shatter the Chains


You were on level 10 of the Dungeon.
You worshipped Ashenzari.
Ashenzari was most pleased with you.
You were a living statue of rough stone.
You visited 3 branches of the dungeon, and saw 13 of its levels.
You also visited: Ossuary.

You collected 721 gold pieces.
You spent 63 gold pieces at shops.

Inventory:

Hand Weapons
 v - a +5 scythe of protection
Missiles
 l - 6 datura-tipped darts (quivered)
 H - 2 atropa-tipped darts
Armour
 g - a +1 hat (worn)
 L - +0 fire dragon scales
 N - a +0 buckler
Magical Staves
 T - a staff of poison
 U - a staff of cold
Jewellery
 i - the cursed ring of Desmomancy (left tentacle) {SInv, Alch, Self}
   (You found it on level 2 of the Dungeon)

   [ring of see invisible]

   SInv:      It lets you see invisible.
   It has a curse which improves the following skills: Alchemy: Poison Magic and
   Transmutations.
   Introspection: Fighting and Spellcasting.
 s - the cursed ring of Ashenzari's Suspicion (right tentacle) {Int+6, Elem, Alch}
   (You took it off a hobgoblin on level 3 of the Dungeon)

   [ring of intelligence]

   Int:       It affects your intelligence (+6).
   It has a curse which improves the following skills: Elements: Fire Magic, Ice
   Magic, Air Magic and Earth Magic.
   Alchemy:   Poison Magic and Transmutations.
 t - the cursed ring of the Pangnostic Doubts (on tentacle) {rC+, Cun, Elem}
   (You found it on level 3 of the Dungeon)

   [ring of protection from cold]

   rC:        It protects you from cold.
   It has a curse which improves the following skills: Cunning: Dodging and
   Stealth.
   Elements:  Fire Magic, Ice Magic, Air Magic and Earth Magic.
 C - the cursed ring of the Profound Loss (on tentacle) {AC+4, Melee, Comp}
   (You found it on level 6 of the Dungeon)

   [ring of protection]

   AC:        It affects your AC (+4).
   It has a curse which improves the following skills: Melee Combat: Short
   Blades, Long Blades, Axes, Maces & Flails, Polearms, Staves and Unarmed
   Combat.
   Companions: Summonings and Necromancy.
 G - the cursed ring "All-seeing Mistrust" (on tentacle) {MP+9, Melee, Comp}
   (You found it on level 7 of the Dungeon)

   [ring of magical power]

   MP:        It affects your magic capacity (+9).
   It has a curse which improves the following skills: Melee Combat: Short
   Blades, Long Blades, Axes, Maces & Flails, Polearms, Staves and Unarmed
   Combat.
   Companions: Summonings and Necromancy.
 I - a ring of resist corrosion
 K - a ring of poison resistance (on tentacle)
 O - a +6 ring of dexterity (on tentacle)
 P - a +4 ring of evasion (on tentacle)
 R - the cursed amulet of Ashenzari's Gloom (around mantle) {Acrobat, Range, Self}
   (You found it on level 11 of the Dungeon)

   [amulet of the acrobat]

   It increases your evasion while moving and waiting.
   It has a curse which improves the following skills: Ranged Combat: Ranged
   Weapons and Throwing.
   Introspection: Fighting and Spellcasting.
 S - a +4 ring of protection
Wands
 x - a wand of polymorph (6)
 J - a wand of light (15)
 M - a wand of digging (4)
 Q - a wand of flame (12)
Scrolls
 b - 3 scrolls of immolation
 d - 2 scrolls of butterflies
 h - 3 scrolls of fear
 j - 7 scrolls of teleportation
 k - 3 scrolls of blinking
 n - 2 scrolls of poison
 r - 2 scrolls of magic mapping
 w - 2 scrolls of noise
 y - 3 scrolls of summoning
 D - a scroll of amnesia
Potions
 a - 4 potions of magic
 c - 3 potions of might
 e - 6 potions of degeneration
 f - 3 potions of mutation
 m - 7 potions of curing
 o - 6 potions of flight
 p - 4 potions of lignification
 q - 5 potions of haste
 u - 4 potions of cancellation
 z - 3 potions of attraction
 A - 6 potions of berserk rage
 B - a potion of resistance
 E - a potion of heal wounds
 F - a potion of brilliance


   Skills:
 - Level 8.3(10.8) Fighting
 - Level 9.0(10.6) Dodging
 - Level 7.9(9.5) Stealth
 + Level 5.2(7.6) Unarmed Combat
 - Level 5.1(7.5) Spellcasting
 - Level 9.5(11.9) Transmutations
 - Level 4.7(7.1) Ice Magic
 - Level 7.2(9.7) Earth Magic


You had 5 spell levels left.
You knew the following spells:

 Your Spells              Type           Power      Damage    Failure   Level
a - Freeze                Ice            100%       1d11      1%          1
b - Frozen Ramparts       Ice            100%       1d16      1%          3
c - Ozocubu's Armour      Ice            51%        N/A       1%          3
d - Hailstorm             Conj/Ice       31%        3d8       11%         4
e - Statue Form           Tmut/Erth      43%        N/A       9%          6
f - Petrify               Tmut/Erth      65%        N/A       1%          4

Your spell library contained the following spells:

 Spells                   Type           Power      Damage    Failure   Level
 Metabolic Englaciation   Hex/Ice        15%        N/A       30%         5
 Animate Dead             Necr           12%        N/A       38%         4
 Haunt                    Necr/Summ      6%         N/A       100%        7
 Infestation              Necr           6%         N/A       100%        8


Dungeon Overview and Level Annotations

Branches:
Dungeon (11/15)            Temple (1/1) D:5            Lair (0/5) D:11
    Orc (1/2) D:10        Ossuary (visited)

Altars:
Ashenzari
Cheibriados
Elyvilon
Hepliaklqana
Kikubaaqudgha
Okawaru
Trog
Vehumet
Xom

Shops:
D:6 (   D:7 :   D:9 *

Annotations:
D:9 Gastronok


Innate Abilities, Weirdness & Mutations

You are a living statue of rough stone.
Your actions are slow, but your melee attacks are powerful.
You are resistant to unholy torment.
Your maximum health is greatly increased.
You are immune to poison.
You cannot wear most types of armour.
You are amphibious.
You can wear up to eight rings at the same time.
Your skin changes colour to match your surroundings (Stealth+).
((Your rubbery body absorbs attacks. (AC +1, EV +1)))
((You are camouflaged when in or above water. (Stealth+)))
You have tentacles for arms and can constrict up to eight enemies at once.


Message History

You bludgeon the warg!
The warg is severely wounded.
The wall freezes the orc warrior!
The orc warrior hits you but does no damage.
The wall freezes the orc knight.
The orc knight completely misses you.
The wall freezes the warg!
You kill the warg!
The wall freezes the orc warrior but does no damage.
The orc warrior hits you with a +0 hand axe.
The wall freezes the orc knight but does no damage.
The orc knight hits you with a +0 great mace!!
You are too injured to fight recklessly!
Unknown command.
You are too injured to fight recklessly!
Unknown command.
Unknown command.
As you read the scroll of fear, it crumbles to dust.
You assume a fearsome visage.
The orc warrior looks frightened!
The orc knight looks frightened!
The wall freezes the orc warrior.
You kill the orc warrior!
The wall freezes the orc knight!
Your attack snaps the orc knight out of its fear.
The orc knight completely misses you.
Unknown command.
Okay, then.
Casting: Frozen Ramparts (safe; 1% risk of failure)
Confirm with . or Enter, or press ? or * to list all spells.
Okay, then.
Casting: Frozen Ramparts (safe; 1% risk of failure)
Confirm with . or Enter, or press ? or * to list all spells.
Aiming: Petrify (mildly dangerous; 1% risk of failure)
Press: ? - help, Shift-Dir - straight line, f - orc knight
Aim: an orc knight, wielding a +0 great mace and wearing a +0 chain mail (moderately wounded, strong, chance to affect: 62%)
The orc knight resists with significant effort.
The wall freezes the orc knight!
The orc knight hits you with a +0 great mace!!
* * * LOW HITPOINT WARNING * * *
The wall freezes the orc knight!
The orc knight hits you with a +0 great mace!!
You die...

### ##......# #....# #...#
#.####.# ####.# #...# ####### #.#
#.# #.########## ......# #.# #.#
#.#......... ....#.#
#.####.#######.#......... ....#.#
#...<#.........#.........
....#.##################.........
....'..........))).....'.........
....#.#.######.o8#######.........
#####.#.# #.###....##.........
####.#.# #.###....##.........
#....#.######..##....##.........
#.####..........#....#########..
#.# #......)...'...[###### #..
##.####..........#.........# #..
......#.##......##.........# #..
†.....#..'......##.........# #..


You could see an orc knight (strong).

Vanquished Creatures
  Fannar (D:10)
  A hydra (D:11)
  Erolcha (D:10)
  A boulder beetle (D:11)
  Pikel (D:6)
  A cyclops (D:11)
  Maurice (D:10)
  A komodo dragon (D:9)
  Prince Ribbit (D:6)
  2 hornets
  Sigmund (D:4)
  2 shadows
  A vampire (D:10)
  2 wraiths
  A wyvern (D:8)
  27 yaks
  2 steam dragons
  Menkaure (D:5)
  9 vampire mosquitoes
  4 wargs
  2 acid dragons
  5 orc warriors
  An ice beast (D:5)
  A phantom (D:6)
  3 centaurs
  A lemure (D:6)
  A kobold brigand (D:6)
  2 bullfrogs
  A gnoll sergeant (D:7)
  2 scorpions (D:5)
  3 wights (D:8)
  A howler monkey (D:9)
  3 human zombies (Ossuary)
  A jelly (D:7)
  6 orc priests
  4 hounds
  Ijyb (D:5)
  Natasha (thrice) (D:2)
  5 iguanas
  15 orc wizards
  5 mummies
  16 gnolls
  5 adders
  A shadow imp (D:5)
  An ufetubus (D:4)
  4 worms
  6 dart slugs
  33 orcs
  10 ball pythons
  5 endoplasms
  2 giant cockroaches (D:1)
  A gnoll zombie (Ossuary)
  7 goblins
  5 hobgoblins
  3 jackals (D:3)
  8 kobolds
  3 quokkas
  5 bats
  3 frilled lizards
  A goblin zombie (D:8)
  2 hobgoblin zombies (Ossuary)
  A jackal zombie (Ossuary)
  2 kobold zombies (Ossuary)
  2 orc zombies
  2 rats
  2 rat zombies (Ossuary)
257 creatures vanquished.

Vanquished Creatures (others)
  An orc wizard (D:6)
  5 plants (D:5)
6 creatures vanquished.

Grand Total: 263 creatures vanquished

Notes
Turn   | Place    | Note
-------+----------+-------------------------------------------
     0 | D:1      | leafyfresh the Octopode Ice Elementalist began the quest
                  | for the Orb.
     0 | D:1      | Reached XP level 1. HP: 11/11 MP: 3/3
   792 | D:1      | Reached XP level 2. HP: 16/17 MP: 5/5
  1852 | D:2      | Reached XP level 3. HP: 21/21 MP: 6/6
  2116 | D:2      | Noticed Natasha
  2125 | D:2      | Killed Natasha
  2126 | D:2      | Reached XP level 4. HP: 27/27 MP: 3/7
  2747 | D:2      | Noticed Natasha
  2756 | D:2      | Killed Natasha
  2901 | D:2      | Found a faded altar of an unknown god.
  2911 | D:2      | Noticed Natasha
  2922 | D:2      | Killed Natasha
  2923 | D:2      | Reached XP level 5. HP: 30/31 MP: 3/9
  4117 | D:3      | Learned a level 3 spell: Frozen Ramparts
  4342 | D:3      | Learned a level 3 spell: Ozocubu's Armour
  5101 | D:4      | Reached skill level 5 in Stealth
  5260 | D:4      | Reached XP level 6. HP: 36/36 MP: 11/11
  5405 | D:4      | Noticed Sigmund
  5414 | D:4      | Killed Sigmund
  5418 | D:4      | Reached XP level 7. HP: 4/41 MP: 4/13
  5970 | D:5      | Entered Level 5 of the Dungeon
  6095 | D:5      | Noticed Ijyb
  6102 | D:5      | Killed Ijyb
  6141 | D:5      | Noticed Menkaure
  6153 | D:5      | Killed Menkaure
  6154 | D:5      | Reached skill level 5 in Spellcasting
  6409 | D:5      | Found a staircase to the Ecumenical Temple.
  6433 | Temple   | Entered the Ecumenical Temple
  6439 | Temple   | Became a worshipper of Ashenzari the Shackled
  6602 | D:5      | Reached skill level 1 in Fighting
  6786 | D:5      | Reached XP level 8. HP: 49/49 MP: 15/15
  7270 | D:6      | Found Eroddic's Firing Range.
  7384 | D:6      | Noticed a yak
  7384 | D:6      | Noticed a yak
  7384 | D:6      | Noticed a yak
  7385 | D:6      | Noticed a yak
  7385 | D:6      | Noticed a yak
  7385 | D:6      | Noticed a yak
  7390 | D:6      | Killed a yak
  7391 | D:6      | Reached skill level 5 in Dodging
  7394 | D:6      | Killed a yak
  7395 | D:6      | Killed a yak
  7396 | D:6      | Killed a yak
  7397 | D:6      | Reached skill level 5 in Fighting
  7397 | D:6      | Reached XP level 9. HP: 46/61 MP: 7/16
  7480 | D:6      | Noticed Prince Ribbit
  7487 | D:6      | Killed Prince Ribbit
  7791 | D:6      | Found a white marble altar of Elyvilon.
  7810 | D:6      | HP: 3/63 [steam dragon (2)]
  8198 | D:6      | Noticed Pikel
  8211 | D:6      | Killed Pikel
  8456 | D:6      | Found a bloodstained altar of Trog.
  8665 | D:7      | Noticed a hornet
  8677 | D:7      | Killed a hornet
  8814 | D:7      | Reached XP level 10. HP: 72/72 MP: 10/17
  9217 | D:7      | Found Foysm's Book Shoppe.
 10072 | D:8      | Reached * piety under Ashenzari
 10146 | D:8      | Found a sand-covered staircase.
 10151 | Ossuary  | Entered an ossuary
 10536 | D:8      | Identified the +8 morningstar of Discord {vorpal, *Corrode
                  | rF++ MP+9 Str+8}
 10549 | D:8      | Reached skill level 1 in Transmutations
 11279 | D:9      | Paralysed by a hornet for 1 turns
 11456 | D:9      | Reached skill level 5 in Transmutations
 11678 | D:9      | Found Wufeuner's General Store.
 11687 | D:9      | Bought a +0 buckler for 63 gold pieces
 11763 | D:9      | Reached ** piety under Ashenzari
 11979 | D:9      | Reached XP level 11. HP: 50/80 MP: 20/20
 12526 | D:8      | Learned a level 4 spell: Hailstorm
 12553 | D:9      | Reached skill level 1 in Earth Magic
 12715 | D:9      | Noticed Gastronok
 12750 | D:10     | Entered Level 10 of the Dungeon
 12917 | D:10     | Noticed Maurice
 12917 | D:10     | Noticed Erolcha
 13522 | D:10     | Found a staircase to the Orcish Mines.
 13751 | D:10     | Killed Maurice
 13754 | D:10     | Killed Erolcha
 13755 | D:10     | Reached skill level 5 in Earth Magic
 13903 | D:10     | Noticed Fannar
 14157 | D:11     | Noticed a five-headed hydra
 14157 | D:11     | Found a staircase to the Lair.
 14380 | D:11     | Learned a level 6 spell: Statue Form
 14593 | D:11     | Noticed a cyclops
 14600 | D:11     | Killed a cyclops
 14609 | D:11     | Noticed a boulder beetle
 14625 | D:11     | Killed a five-headed hydra
 14626 | D:11     | Reached skill level 1 in Unarmed Combat
 15176 | D:11     | Reached *** piety under Ashenzari
 15182 | D:11     | Learned a level 4 spell: Petrify
 15257 | D:11     | Killed a boulder beetle
 15258 | D:11     | Reached XP level 12. HP: 89/89 MP: 17/23
 15541 | D:10     | Killed Fannar
 15614 | Orc:1    | Entered Level 1 of the Orcish Mines
 15622 | D:10     | Reached skill level 5 in Unarmed Combat
 15773 | D:10     | HP: 3/115 [orc knight/+0 great mace (34)]
 15773 | D:10     | Annihilated by an orc knight

Illustrated notes

Levels and vault maps discovered:
D:1:      dpeg_arrival_erosion, layout_basic
D:2:      kennysheep_six_static_rooms, layout_basic,
          hellmonk_ecumenical_altar_run_dry, minmay_pentomino_x4, uniq_natasha
D:3:      layout_loops_ring, glass_columns_a
D:4:      layout_cave_pools, uniq_sigmund
D:5:      layout_cave_pools, minmay_temple_entry_statues, kennysheep_crisscross,
          grunt_decor_junction, grunt_ministairs_4, serial_bayou_ford_a,
          uniq_ijyb, uniq_menkaure
D:6:      nicolae_cairo_tiling_very_big, layout_rooms,
          mainiacjoe_overflow_catwalk_spiral, nicolae_shop_firing_range,
          uniq_prince_ribbit1, uniq_pikel
D:7:      layout_basic, serial_shops, shop
D:8:      layout_basic, nicolae_ossuary_entry_giza,
          nicolae_straight_to_the_point
D:9:      layout_irregular_city, serial_shops, nicolae_shop_statue_plus,
          uniq_gastronok
D:10:     layout_basic, orc_0_dummy, uniq_maurice, uniq_fannar, uniq_erolcha
D:11:     layout_rooms, erik_lair_orcish_takeover, kennysheep_generic_room_5
Temple:   nicolae_temple_bog_church
Orc:1:    layout_caves, serial_shops, shop_statue, uniq_nergalle, uniq_erica

Skill      XL: |  1  2  3  4  5  6  7  8  9 10 11 12 |
---------------+-------------------------------------+-----
Stealth        | 3 4 5 6 7 |  7.9
Dodging        | 3 6 8 9 |  9.0
Spellcasting   | 3 4 5 |  5.1
Fighting       | 1 5 7 8 |  8.3
Transmutations | 8 9 |  9.5
Earth Magic    | 7 |  7.2
Unarmed Combat | 3 5 |  5.2
Ice Magic      | |  4.7

Action                   |  1- 3 |  4- 6 |  7- 9 | 10-12 || total
-------------------------+-------+-------+-------+-------++-------
Melee: Unarmed           |    80 |    77 |       |     5 ||   162
       Constrict         |    18 |    28 |    13 |    25 ||    84
       Tentacles         |    15 |    25 |    10 |    64 ||   114
       Punch             |     1 |     2 |       |     4 ||     7
       Hand axe          |       |    19 |       |       ||    19
       Halberd           |       |       |   118 |   276 ||   394
 Cast: Freeze            |    12 |    37 |     5 |     1 ||    55
       Frozen Ramparts   |       |     2 |    18 |    43 ||    63
       Ozocubu's Armour  |       |     1 |    11 |    27 ||    39
       Hailstorm         |       |       |       |    11 ||    11
       Statue Form       |       |       |       |     6 ||     6
       Petrify           |       |       |       |     1 ||     1
Invok: Curse Item        |       |       |     1 |     5 ||     6
  Use: Potion            |       |     1 |       |       ||     1
       Scroll            |       |       |     9 |     7 ||    16
 Stab: Sleeping          |     6 |    17 |    10 |     8 ||    41
       Distracted        |       |       |     1 |     2 ||     3
Armor: Skin              |    18 |    13 |    29 |   148 ||   208
Dodge: Dodged            |    70 |    68 |    62 |   414 ||   614
